 Dungeon Crawl Stone Soup version 0.28-a0-1038-g9c4cb8273d (webtiles) character file.

Game seed: 13166977928483600482

26600 mdbcvcdmv the Unseen (level 12, 0/77 HPs)
             Began as a Spriggan Enchanter on Dec 8, 2021.
             Was a High Priest of Dithmenos.
             Killed from afar by Jorgrun (48 damage)
             ... with an iron shot
             ... on level 14 of the Dungeon.
             The game lasted 00:34:56 (15902 turns).

mdbcvcdmv the Unseen (Spriggan Enchanter)          Turns: 15902, Time: 00:34:57

Health: 0/77       AC: 12    Str:  8    XL:     12   Next: 99%
Magic:  23/29      EV: 24    Int: 18    God:    Dithmenos [*****.]
Gold:   3437       SH:  0    Dex: 15    Spells: 28/36 levels left

rFire   . . .      SeeInvis +   o - +3 dagger (venom)
rCold   . . .      Faith    .   (shield restricted)
rNeg    . . .      Spirit   .   v - +2 steam dragon scales
rPois   .          Reflect  .   (helmet restricted)
rElec   .          Harm     .   C - +0 cloak
rCorr   .          Rampage  .   (gloves unavailable)
Will    ++...                   (boots unavailable)
Stlth   ++++++++++              m - amulet of Vitality {Regen+ HP+15}
HPRegen 1.02/turn               p - +4 ring of evasion
MPRegen 0.21/turn               i - +4 ring of protection

@: grasped by roots, wreathed by umbra, constricted, very quick
A: very small, no large weapons, unfitting armour, see invisible, speed 3
a: Renounce Religion, Shadow Step, Shadow Form


You were on level 14 of the Dungeon.
You worshipped Dithmenos.
Dithmenos was extremely pleased with you.
You visited 2 branches of the dungeon, and saw 15 of its levels.
You also visited: Ossuary.

You collected 3645 gold pieces.
You spent 208 gold pieces at shops.

Inventory:

Hand Weapons
 a - a +1 dagger of protection
 o - a +3 dagger of venom (weapon)
 G - a +2 short sword of draining
Missiles
 D - 53 poisoned darts (quivered)
 H - a curare-tipped dart
Armour
 v - +2 steam dragon scales (worn)
 C - a +0 cloak (worn)
 F - a +2 robe of the Archmagi
 J - a +0 troll leather armour
Jewellery
 c - a ring of poison resistance
 i - a +4 ring of protection (right hand)
 m - the amulet of Vitality (around neck) {Regen+ HP+15}
   (You found it on level 5 of the Dungeon)

   [amulet of regeneration]

   HP:        It affects your health (+15).
   Regen:     It increases your rate of health regeneration.
 p - a +4 ring of evasion (left hand)
 r - a +4 ring of evasion
 x - an amulet of guardian spirit
 z - the amulet "Tatiases" {Spirit Int+3}
   (You found it on level 13 of the Dungeon)

   [amulet of guardian spirit]

   It causes incoming damage to be divided between your reserves of health and
   magic.
   Int:       It affects your intelligence (+3).
Wands
 h - a wand of flame (35)
 j - a wand of polymorph (9)
 I - a wand of paralysis (2)
Scrolls
 b - 7 scrolls of identify
 g - 2 scrolls of fear
 q - 3 scrolls of teleportation
 t - 4 scrolls of fog
 w - a scroll of blinking
 y - 2 scrolls of magic mapping
 B - a scroll of brand weapon
Potions
 d - a potion of resistance
 e - 5 potions of haste
 f - 5 potions of cancellation
 k - 4 potions of might
 l - 10 potions of curing
 n - 2 potions of attraction
 s - 2 potions of heal wounds
 u - 3 potions of ambrosia
Miscellaneous
 E - a box of beasts (inert)


   Skills:
 + Level 6.4 Fighting
 + Level 8.7 Short Blades
 + Level 10.4 Dodging
 + Level 15.5 Stealth
 + Level 12.8 Spellcasting
 + Level 13.0 Hexes


You had 28 spell levels left.
You knew the following spells:

 Your Spells              Type           Power      Damage    Failure   Level
a - Ensorcelled Hibernat  Hex/Ice        70%        N/A       1%          2
b - Tukima's Dance        Hex            55%        N/A       1%          3
c - Dazzling Flash        Conj/Hex       70%        N/A       1%          3

Your spell library contained the following spells:

 Spells                   Type           Power      Damage    Failure   Level
 Confusing Touch          Hex            55%        N/A       1%          3
 Animate Skeleton         Necr           22%        N/A       6%          1
 Pain                     Necr           44%        1d6       6%          1
 Vampiric Draining        Necr           11%        2d6       19%         3
 Airstrike                Air            5%         N/A       52%         4
 Hailstorm                Conj/Ice       11%        3d5       52%         4
 Summon Lightning Spire   Summ/Air       11%        N/A       52%         4
 Lightning Bolt           Conj/Air       5%         1d17      86%         5


Dungeon Overview and Level Annotations

Branches:
Dungeon (14/15)            Temple (1/1) D:7            Lair (0/6) D:10
    Orc (0/2) D:10        Ossuary (visited)
 Vaults: D:13-14

Altars:
Cheibriados
Dithmenos
Elyvilon
Hepliaklqana
Okawaru
Ru
Sif Muna
Xom
The Shining One

Shops:
D:8 ?   D:13 [

Annotations:
D:12 exclusion: orange crystal statue
D:14 Jorgrun


Innate Abilities, Weirdness & Mutations

You are very small and have problems with some larger weapons.
You are too small for most types of armour.
You have supernaturally acute eyesight. (SInv)
You cover ground extremely quickly. (Speed+++)


Message History

Jorgrun is almost dead.
Jorgrun hits you with a +0 vorpal quarterstaff!
You hit Jorgrun but do no damage.
Jorgrun looks as sick as possible!
Jorgrun is almost dead.
You hit Jorgrun.
Jorgrun looks as sick as possible!
Jorgrun is almost dead.
Jorgrun mutters some incantations to himself.
Jorgrun gestures at you while chanting.
Roots burst forth from the earth!
The grasping roots grab you! The grasping roots constrict you.
You miss Jorgrun.
Jorgrun is almost dead.
Your shadow closely misses Jorgrun.
Unknown command.
You miss Jorgrun.
Jorgrun is almost dead.
Your shadow closely misses Jorgrun.
Jorgrun misses you. The grasping roots constrict you!
Unknown command.
Unknown command.
Casting: Ensorcelled Hibernation (safe; 1% risk of failure)
Confirm with . or Enter, or press ? or * to list all spells.
Casting: Dazzling Flash (safe; 1% risk of failure)
Press: ? - help, Dir - look around, f - activate Jorgrun barely misses you.
The grasping roots constrict you.
The freezing wraith completely misses you.
The freezing wraith misses you.
Unknown command.
Unknown command.
Unknown command.
Casting: Dazzling Flash (safe; 1% risk of failure)
Confirm with . or Enter, or press ? or * to list all spells.
Casting: Dazzling Flash (safe; 1% risk of failure)
Press: ? - help, Dir - look around, f - activate Jorgrun is dazzled.
Jorgrun gestures at you while chanting. The iron shot hits you!!!
Ouch! That really hurt!
You die...

#. #.# #.# #.# #.#
## # #.##.##
.###.##W#...####
........@g.....+
###.##.#...####
#.##.## #.# ## #.#
#.############+#
#.#.........##.#
#.#.#######.##.#
#.#.#######.##=####


You could see Jorgrun (blind, extremely poisoned) and a freezing wraith.

Vanquished Creatures
  2 hydras
  3 boulder beetles
  4 centaur warriors
  Erica (D:11)
  2 two-headed ogres
  Urug (D:10)
  Nergalle (D:10)
  A skeletal warrior (D:13)
  A deep elf pyromancer (D:13)
  Pikel (D:4)
  2 ugly things (D:13)
  A cyclops (D:12)
  A guardian serpent (D:13)
  2 gargoyles
  3 kobold demonologists
  Psyche (D:8)
  3 unseen horrors
  An efreet (D:13)
  6 trolls
  Grinder (D:6)
  A hornet (D:9)
  8 slime creatures
  A wyvern (D:10)
  A shadow (D:5)
  A vampire (D:14)
  6 yaks (D:11)
  3 basilisks (D:10)
  9 vampire mosquitoes
  Grum (D:9)
  Menkaure (D:4)
  2 acid dragons
  3 water moccasins
  Duvessa (D:7)
  A black bear (D:6)
  An orc warrior (D:10)
  A sky beast (D:7)
  3 wolves (D:9)
  An ogre (D:5)
  9 centaurs
  A phantom (D:2)
  4 kobold brigands
  11 scorpions (Ossuary)
  A wyvern zombie (D:8)
  A water moccasin zombie (D:5)
  A water moccasin skeleton (D:6)
  6 killer bees (D:9)
  2 howler monkeys
  12 centaur zombies
  A hound (D:7)
  A bullfrog zombie (D:7)
  2 human zombies (Ossuary)
  A jelly (D:6)
  An orc priest (D:9)
  A centaur skeleton (D:4)
  An iguana (D:5)
  4 scorpion zombies (Ossuary)
  5 orc wizards
  3 killer bee zombies
  A hound zombie (D:5)
  3 mummies (Ossuary)
  2 adders
  A howler monkey skeleton (D:7)
  A shadow imp (D:8)
  A white imp (D:7)
  An ufetubus (D:5)
  2 adder skeletons
  2 dart slugs (D:3)
  25 orcs
  8 ball pythons
  5 endoplasms
  2 giant cockroaches
  3 gnoll zombies (Ossuary)
  17 goblins
  14 hobgoblins
  8 jackals
  10 kobolds
  3 bats
  5 frilled lizards
  2 goblin zombies (Ossuary)
  2 hobgoblin zombies (Ossuary)
  A kobold zombie (Ossuary)
  An orc zombie (Ossuary)
  6 rats
277 creatures vanquished.

Vanquished Creatures (collateral kills)
  A two-headed ogre (D:10)
  Maggie (D:7)
  A kobold brigand (D:11)
  Dowan (D:7)
  Ijyb (D:3)
  Robin (D:3)
  A kobold (D:11)
7 creatures vanquished.

Vanquished Creatures (others)
  4 dancing weapons
4 creatures vanquished.

Grand Total: 288 creatures vanquished

Notes
Turn   | Place    | Note
-------+----------+-------------------------------------------
     0 | D:1      | mdbcvcdmv the Spriggan Enchanter began the quest for the
                  | Orb.
     0 | D:1      | Reached XP level 1. HP: 9/9 MP: 5/5
    53 | D:2      | Found a faded altar of an unknown god.
    54 | D:2      | Noticed a phantom
    92 | D:1      | Reached XP level 2. HP: 8/13 MP: 7/7
    95 | D:1      | Learned a level 2 spell: Ensorcelled Hibernation
  1124 | D:1      | Reached XP level 3. HP: 7/16 MP: 1/9
  1382 | D:1      | Identified a scroll of acquirement
  1382 | D:1      | Acquired 786 gold pieces
  1682 | D:1      | Learned a level 3 spell: Tukima's Dance
  1686 | D:1      | Learned a level 3 spell: Dazzling Flash
  2062 | D:3      | Found a white marble altar of Elyvilon.
  2313 | D:3      | Noticed Ijyb
  2327 | D:3      | Killed Ijyb
  2328 | D:3      | Reached XP level 4. HP: 15/21 MP: 6/11
  2414 | D:3      | Noticed Robin
  2448 | D:3      | Reached skill level 5 in Hexes
  2556 | D:3      | Killed Robin
  3061 | D:3      | Found a shimmering altar of Xom.
  3062 | D:3      | Found a sacrificial altar of Ru.
  3063 | D:3      | Found a glowing golden altar of the Shining One.
  3065 | D:3      | Found an iron altar of Okawaru.
  3066 | D:3      | Found a shadowy altar of Dithmenos.
  3067 | D:3      | Found a snail-covered altar of Cheibriados.
  3237 | D:3      | Became a worshipper of Dithmenos the Shadowed
  3273 | D:4      | Noticed Menkaure
  3292 | D:4      | Killed Menkaure
  3293 | D:4      | Reached skill level 5 in Spellcasting
  3293 | D:4      | Reached XP level 5. HP: 24/24 MP: 12/14
  3340 | D:4      | Noticed a lemure
  3340 | D:4      | Noticed a lemure
  3637 | D:4      | Reached XP level 6. HP: 27/28 MP: 15/15
  4204 | D:4      | Noticed Pikel
  4214 | D:4      | Killed Pikel
  4215 | D:4      | Reached skill level 6 in Stealth
  4215 | D:4      | Reached XP level 7. HP: 32/32 MP: 14/18
  4395 | D:2      | You fall into a shaft and drop 2 floors!
  4752 | D:2      | Reached skill level 7 in Stealth
  4904 | D:5      | Entered Level 5 of the Dungeon
  4921 | D:5      | Noticed a shadow
  4937 | D:5      | Killed a shadow
  4939 | D:5      | Reached * piety under Dithmenos
  5021 | D:5      | Found the amulet of Vitality {Regen+ HP+15}
  5027 | D:5      | Reached skill level 8 in Stealth
  5027 | D:5      | Reached XP level 8. HP: 36/36 MP: 17/20
  5621 | D:5      | Found a shimmering blue altar of Sif Muna.
  5828 | D:6      | Noticed Grinder
  5845 | D:6      | Killed Grinder
  5846 | D:6      | Reached skill level 9 in Stealth
  6313 | D:6      | Reached skill level 10 in Stealth
  6499 | D:7      | Reached XP level 9. HP: 39/39 MP: 23/23
  6592 | D:7      | Found a sand-covered staircase.
  6592 | D:7      | Noticed Maggie
  6622 | D:7      | Killed Maggie
  6629 | Ossuary  | Entered an ossuary
  6640 | Ossuary  | Acquired 732 gold pieces
  6726 | Ossuary  | Reached skill level 1 in Fighting
  6788 | Ossuary  | Reached ** piety under Dithmenos
  7140 | Ossuary  | Reached skill level 11 in Stealth
  7140 | Ossuary  | Reached skill level 10 in Hexes
  7417 | D:7      | Found a staircase to the Ecumenical Temple.
  7427 | Temple   | Entered the Ecumenical Temple
  7487 | D:7      | Noticed Duvessa
  7488 | D:7      | Noticed Dowan
  7493 | D:7      | Killed Duvessa
  7502 | D:7      | Reached skill level 5 in Dodging
  7514 | D:7      | Killed Dowan
  7514 | D:7      | Reached *** piety under Dithmenos
  7948 | D:8      | Noticed Psyche
  7967 | D:8      | Killed Psyche
  7968 | D:8      | Reached skill level 10 in Spellcasting
  7968 | D:8      | Reached XP level 10. HP: 47/47 MP: 22/25
  8137 | D:8      | Got Sif Muna's Guide on Conjuration
  8505 | D:8      | Found Xausch's Magic Scroll Shoppe.
  8513 | D:8      | Bought a scroll of identify for 22 gold pieces
  8513 | D:8      | Bought 2 scrolls of identify for 44 gold pieces
  8513 | D:8      | Bought a scroll of fear for 38 gold pieces
  8513 | D:8      | Bought a scroll of enchant weapon for 82 gold pieces
  8513 | D:8      | Bought a scroll of identify for 22 gold pieces
  8744 | D:9      | Noticed a centaur warrior
  8752 | D:9      | Killed a centaur warrior
  8899 | D:9      | Reached skill level 12 in Stealth
  9048 | D:9      | Noticed Grum
  9054 | D:9      | Killed Grum
  9056 | D:9      | Reached **** piety under Dithmenos
  9077 | D:9      | Noticed a two-headed ogre
  9084 | D:9      | Killed a two-headed ogre
  9085 | D:9      | Reached skill level 5 in Short Blades
  9205 | D:10     | Entered Level 10 of the Dungeon
  9302 | D:10     | Found a staircase to the Orcish Mines.
  9304 | D:10     | Noticed Nergalle
  9315 | D:10     | Killed Nergalle
  9636 | D:10     | Found a hazy altar of Hepliaklqana.
 10296 | D:10     | Reached XP level 11. HP: 39/53 MP: 26/26
 10358 | D:10     | Found a staircase to the Lair.
 10547 | D:10     | Noticed a two-headed ogre
 10564 | D:10     | Killed a two-headed ogre
 10565 | D:10     | Reached skill level 13 in Stealth
 10793 | D:11     | Noticed Urug
 10812 | D:10     | Killed Urug
 10953 | D:11     | Noticed a five-headed hydra
 10955 | D:11     | Noticed Erica
 11095 | D:9      | Killed a five-headed hydra
 11346 | D:10     | Noticed a sixfirhy
 11350 | D:10     | Noticed a sun demon
 11397 | D:11     | Killed Erica
 11840 | D:11     | Reached skill level 5 in Fighting
 12109 | D:11     | Reached skill level 14 in Stealth
 12604 | D:12     | Noticed a boulder beetle
 12610 | D:12     | Killed a boulder beetle
 12611 | D:12     | Reached XP level 12. HP: 60/60 MP: 28/28
 12739 | D:12     | Found a runed translucent door.
 13065 | D:12     | Reached ***** piety under Dithmenos
 13128 | D:12     | Noticed a boulder beetle
 13145 | D:12     | Killed a boulder beetle
 13355 | D:12     | Noticed a crystal guardian
 13355 | D:12     | Noticed a crystal guardian
 13356 | D:12     | Noticed a seven-headed hydra
 13681 | D:13     | Noticed a boulder beetle
 13727 | D:13     | Killed a boulder beetle
 13955 | D:13     | Identified the amulet "Tatiases" {Spirit Int+3}
 14283 | D:13     | Noticed a five-headed hydra
 14508 | D:13     | Reached skill level 15 in Stealth
 14542 | D:13     | Noticed a centaur warrior
 14546 | D:13     | Killed a centaur warrior
 14547 | D:13     | Reached skill level 10 in Dodging
 14574 | D:13     | Found Vahagn's Dragon-Slaying Spoils.
 14983 | D:13     | Acquired 636 gold pieces
 15067 | D:13     | Killed a five-headed hydra
 15251 | D:14     | Noticed a two-headed ogre
 15281 | D:14     | Killed a two-headed ogre
 15514 | D:14     | Noticed a vault guard
 15781 | D:14     | Noticed a centaur warrior
 15782 | D:14     | Killed a centaur warrior
 15786 | D:14     | Noticed a four-headed hydra
 15842 | D:14     | Noticed a centaur warrior
 15847 | D:14     | Killed a centaur warrior
 15893 | D:14     | Noticed Jorgrun
 15902 | D:14     | Killed from afar by Jorgrun

Illustrated notes

Levels and vault maps discovered:
D:1:      sevenhm_arrival_forest_fort_small_4, layout_basic, minmay_heptomino_w4
D:2:      layout_rooms, ebering_ecumenical_altar_ruins
D:3:      layout_basic, nicolae_elyvilon_peaceful_grove, minitemple, uniq_robin,
          uniq_ijyb
D:4:      layout_loops_ring, dk_vineyard_2, uniq_menkaure, uniq_pikel
D:5:      layout_loops_ring, kennysheep_mini_moat, corexii_checkpoint_a
D:6:      layout_basic, grunt_ministairs_7, uniq_grinder
D:7:      layout_cave_pools, minmay_temple_entry_poolview,
          nicolae_ossuary_entry_ruins, uniq_duvessa, uniq_maggie
D:8:      layout_basic, serial_shops, shop, uniq_psyche
D:9:      layout_roguey, minivault_14, serial_bayou_pond_a, uniq_grum
D:10:     layout_loops_corners, nzn_hepliaklqana_mist_gate, erik_lair_dragon,
          david_orc_2, uniq_nergalle
D:11:     layout_basic, uniq_urug, uniq_erica
D:12:     layout_rooms, minmay_crystal_box
D:13:     layout_loops_corners, serial_co_window_serial, co_window_paths_a,
          co_window_corner_a, co_window_paths_a, co_window_corner_a,
          co_window_of_opportunity_a, co_window_of_opportunity_a,
          co_window_of_opportunity_a, co_window_broadway_c, co_window_corner_cb,
          co_window_corner_b, co_window_unsneaky_path_e, skrybe_limestone_x,
          nicolae_shop_dragon_depot, fake_guardian_serpent_vault
D:14:     layout_loops_corners, grunt_vaults_entry_fortified,
          nicolae_ru_awakened_eye, uniq_jorgrun
Temple:   nicolae_temple_figure_eight

Skill      XL: |  1  2  3  4  5  6  7  8  9 10 11 12 |
---------------+-------------------------------------+-----
Spellcasting   | 3 4 5 6 7 9 10 11 12 | 12.8
Hexes          | 4 6 7 8 9 10 11 12 13 | 13.0
Stealth        | 6 8 10 11 12 14 15 | 15.5
Dodging        | 5 7 8 10 | 10.4
Fighting       | 2 3 5 6 |  6.4
Short Blades   | 3 5 7 8 |  8.7

Action                   |  1- 3 |  4- 6 |  7- 9 | 10-12 || total
-------------------------+-------+-------+-------+-------++-------
Melee: Dagger            |   144 |   140 |   700 |  1032 ||  2016
 Cast: Ensorcelled Hiber |    20 |     8 |    24 |    71 ||   123
       Tukima's Dance    |     1 |     1 |     3 |    46 ||    51
       Dazzling Flash    |       |       |     2 |     5 ||     7
Evoke: Wand              |       |     7 |    16 |    18 ||    41
       Box of beasts     |       |       |       |     2 ||     2
  Use: Potion            |     1 |     1 |       |     2 ||     4
       Scroll            |     4 |     5 |    11 |    13 ||    33
 Stab: Invisible         |     3 |       |     1 |     3 ||     7
       Sleeping          |    11 |    14 |    28 |    53 ||   106
       Distracted        |       |       |     2 |     2 ||     4
       Fleeing           |       |       |       |     1 ||     1
Armor: Robe              |    21 |    28 |    52 |       ||   101
       Steam dragon scal |       |       |    80 |   174 ||   254
Dodge: Dodged            |   133 |   100 |   842 |  1063 ||  2138

Table legend: (Time is in decaauts)
 A = Elapsed time spent in this place.
 B = Non-inter-level travel time spent in this place.
 C = Inter-level travel time spent in this place.
 D = Time resting spent in this place.
 E = Time spent auto-exploring this place.
 F = Levels seen in this place.
 G = Mean time per level.
                   A        B        C        D        E       F      G
               +--------+--------+--------+--------+--------+-----+--------+
         Total |  11820 |  11407 |    413 |   2021 |   6192 |  16 |  738.8 |
       Dungeon |  11287 |  10874 |    413 |   1978 |   6113 |  14 |  806.2 |
        Temple |      1 |      1 |      0 |      0 |      0 |   1 |    1.0 |
       Ossuary |    531 |    531 |      0 |     43 |     78 |   1 |  531.0 |
               +--------+--------+--------+--------+--------+-----+--------+

Top non-repeatable levels by time:
    D:10: 1483 daAuts
     D:1: 1392 daAuts
     D:3: 1235 daAuts
    D:13: 1188 daAuts
    D:11: 827 daAuts
     D:4: 773 daAuts
    D:12: 705 daAuts
     D:5: 649 daAuts
     D:9: 591 daAuts
     D:8: 573 daAuts
 Ossuary: 531 daAuts
     D:2: 514 daAuts
    D:14: 465 daAuts
     D:6: 459 daAuts
     D:7: 429 daAuts
